 Dungeon Crawl Stone Soup version 0.19.1-28-ge1247f7 (webtiles) character file.

128 Alarkh the Chopper (level 4, -1/37 HPs)
             Began as a Demonspawn Monk on Jan 21, 2017.
             Killed by nerve-wracking pain
             ... invoked by an orc priest
              (12 damage)
             ... on level 3 of the Dungeon.
             The game lasted 00:02:27 (2812 turns).

Alarkh the Chopper (Demonspawn Monk)                Turns: 2812, Time: 00:02:28

Health: -1/37      AC:  5    Str: 12    XL:     4   Next: 87%
Magic:  0/4        EV: 14    Int: 12    God:
Gold:   96         SH:  0    Dex: 17    Spells: 0 memorised, 3 levels left

rFire  . . .     SeeInvis .     a - +0 hand axe
rCold  . . .     Gourm    .     b - +0 robe
rNeg   . . .     Faith    .     (no shield)
rPois  .         Spirit   +     (no helmet)
rElec  .         Reflect  .     r - +0 cloak
rCorr  .         Harm     .     i - +1 pair of gloves {archery}
MR     .....                    (no boots)
Stlth  +++.......               (no amulet)
                                (no ring)
                                (no ring)

@: flying, very slightly contaminated, hasted, very quick
A: thin skeletal structure 1, magic shield
a: no special abilities


You were on level 3 of the Dungeon.
You were not hungry.

You visited 1 branch of the dungeon, and saw 3 of its levels.

You collected 96 gold pieces.

Inventory:

Hand Weapons
 a - a +0 hand axe (weapon)
Armour
 b - a +0 robe (worn)
 i - a +1 pair of gloves of archery (worn)
 r - a +0 cloak (worn)
Wands
 q - a wand of digging (18/24)
Scrolls
 e - 2 scrolls of identify {unknown}
 f - a scroll of recharging {unknown}
 h - a scroll of enchant weapon {unknown}
 k - 2 scrolls of fear {unknown}
Potions
 d - a potion of flight
 g - a potion of might {unknown}
 j - a potion of agility {unknown}
 l - a potion of heal wounds
 m - a potion of curing {unknown}
 n - a potion of haste
Comestibles
 c - a bread ration
 o - a royal jelly
 p - 2 chunks of flesh


   Skills:
 + Level 3.7 Fighting
 + Level 3.8 Axes
 + Level 3.4 Dodging
 + Level 2.4 Stealth


You had 3 spell levels left.
You didn't know any spells.

Dungeon Overview and Level Annotations

Branches:
Dungeon (3/15)

Altars:


Innate Abilities, Weirdness & Mutations

You have a somewhat thin skeletal structure. (Dex +2, Stealth)
When hurt, damage is shared between your health and your magic reserves.


Message History

You hit the orc priest but do no damage.
The orc priest is moderately wounded.
The orc priest hits you but does no damage.
You closely miss the orc priest.
The orc priest is moderately wounded.
The orc priest hits you but does no damage.
You hit the orc priest.
The orc priest is moderately wounded.
You hit the orc priest.
The orc priest is heavily wounded.
The orc priest calls down the wrath of Beogh upon you.
Beogh smites you!
* * * LOW HITPOINT WARNING * * *
You are too injured to fight recklessly!
You are too injured to fight recklessly!
You hit the orc priest.
The orc priest is heavily wounded.
The orc priest calls down the wrath of Beogh upon you.
Pain shoots through your body!
You die...

.. ##.#
..( #..
..## ..#
#.#o#
#.#@#
#.#.#
#.#[##
#.#..#
#.##.###
#.##.#<#
#..#.#.#
##.#.#.#
#...#.#


You could see an orc priest.

Vanquished Creatures
  Jessica (D:3)
  2 adders (D:2)
  3 worms
  3 dart slugs
  A leopard gecko (D:1)
  4 orcs (D:3)
  3 giant cockroaches
  5 goblins
  8 hobgoblins
  7 jackals
  5 kobolds
  2 quokkas (D:2)
  4 bats
  5 frilled lizards
  12 rats
65 creatures vanquished.

Notes
Turn   | Place    | Note
-------+----------+-------------------------------------------
     0 | D:1      | Alarkh the Demonspawn Monk began the quest for the Orb.
     0 | D:1      | Reached XP level 1. HP: 18/18 MP: 1/1
   293 | D:1      | Gained mutation: You have a somewhat thin skeletal structure. (Dex +2, Stealth) [demonic ancestry]
   293 | D:1      | Reached XP level 2. HP: 18/24 MP: 2/2
   841 | D:1      | Gained mutation: When hurt, damage is shared between your health and your magic reserves. [demonic ancestry]
   841 | D:1      | Reached XP level 3. HP: 14/29 MP: 3/3
  1972 | D:2      | Reached XP level 4. HP: 32/35 MP: 4/4
  2787 | D:3      | Noticed Jessica
  2797 | D:3      | Killed Jessica
  2812 | D:3      | Killed from afar by an orc priest

Skill      XL: |  1  2  3 |
---------------+----------+-----
Dodging        | 3 |  3.4
Axes           | 3 |  3.8
Stealth        | 2 |  2.4
Fighting       | |  3.7

Action                   |  1- 3 |  4- 6 || total
-------------------------+-------+-------++-------
Melee: Hand axe          |   154 |    74 ||   228
  Use: Potion            |       |     3 ||     3
 Stab: Sleeping          |     7 |     2 ||     9
       Distracted        |     1 |       ||     1
  Eat: Chunk             |     3 |     3 ||     6
Armor: Robe              |    24 |    14 ||    38
Dodge: Dodged            |   120 |    36 ||   156
